 Dungeon Crawl Stone Soup version 0.32-a0-859-gb0a091d592 (webtiles) character file.

Game seed: 8768651382556490351

4117 Fodor the Cleaver (level 10, -7/86 HPs)
             Began as a Minotaur Fighter on Mar 26, 2024.
             Was an Initiate of Gozag.
             Killed by divine providence
             ... invoked by a smoke demon
              (12 damage)
             ... on level 9 of the Dungeon on Mar 27, 2024.
             The game lasted 00:24:54 (7712 turns).

Fodor the Cleaver (Minotaur Fighter)                Turns: 7712, Time: 00:24:55

Health: -7/86      AC: -3    Str: 28    XL:     10   Next: 6%
Magic:  1/9        EV: 14    Int:  9    God:    Gozag
Gold:   1063       SH:  0    Dex:  8    Spells: 9/9 levels left

rFire   . . .        E - +0 battleaxe (protect)
rCold   . . .        (shield currently unavailable)
rNeg    . . .        i - +0 chain mail
rPois   .            (helmet restricted)
rElec   .            c - +0 cloak
rCorr   .            m - +2 pair of gloves {infuse}
SInv    .            (no boots)
Will    .....        J - amulet of regeneration Stlth
                     z - +3 ring of strength
HPRegen 1.14/turn    s - +5 ring of evasion
MPRegen 0.11/turn

%: infuse magic (1 MP)
@: about to teleport, corroded, under a protective aura
A: horns 2, retaliatory headbutt, iridescent scales 1, clever 1, sturdy frame 1
a: Renounce Religion, Potion Petition, Call Merchant, Bribe Branch


You were on level 9 of the Dungeon.
You worshipped Gozag.
Gozag was most pleased with you.
You visited 1 branch of the dungeon, and saw 9 of its levels.

You collected 1239 gold pieces.
You spent 140 gold pieces at shops.
You paid 36 gold pieces to Gozag.

Inventory:

Hand Weapons
 E - a +0 battleaxe of protection (weapon)
 H - a +0 orcbow
Missiles
 t - 10 boomerangs (quivered)
Armour
 c - a +0 cloak (worn)
 i - a +0 chain mail (worn)
 m - a +2 pair of gloves of infusion (worn)
 A - a +0 plate armour
 G - the +4 buckler of the Slug {Fly rElec rN+ Str-4}
   (You found it on level 7 of the Dungeon)

   Str-4:     It affects your strength (-4).
   rElec:     It insulates you from electricity.
   rN+:       It protects you from negative energy.
   Fly:       It grants you flight.
Jewellery
 b - a ring of protection from fire
 s - a +5 ring of evasion (right hand)
 z - a +3 ring of strength (left hand)
 J - an amulet of regeneration (around neck)
Wands
 u - a wand of mindburst (34)
 F - a wand of quicksilver (11)
 I - a wand of flame (12)
Scrolls
 a - a scroll of torment {unknown}
 e - 2 scrolls of fear {unknown}
 f - a scroll of noise {unknown}
 j - a scroll of teleportation
 k - 4 scrolls of poison
 l - a scroll of fog {unknown}
 q - a scroll of silence {unknown}
 v - 2 scrolls of summoning
 w - 3 scrolls of revelation {unknown}
 y - a scroll of acquirement {unknown}
 C - 2 scrolls of vulnerability
 D - 3 scrolls of immolation
Potions
 d - 2 potions of might
 g - 6 potions of mutation
 h - 5 potions of heal wounds
 n - 4 potions of curing {unknown}
 o - 4 potions of degeneration {unknown}
 p - a potion of lignification {unknown}
 r - 3 potions of attraction {unknown}
 x - a potion of enlightenment {unknown}
 B - a potion of resistance {unknown}


   Skills:
 + Level 7.0 Fighting
 + Level 11.3 Axes
 + Level 5.6 Throwing
 + Level 8.0 Armour
 + Level 4.0 Dodging
 + Level 1.6 Stealth
 + Level 5.8 Shields


You had 9 spell levels left.
You didn't know any spells.
Your spell library contained the following spells:

 Spells                   Type           Power      Damage    Failure   Level
 Magic Dart               Conj           0%         1d3       71%         1
 Summon Small Mammal      Summ           0%         N/A       71%         1
 Searing Ray              Conj           0%         2d4       85%         2
 Sublimation of Blood     Necr           0%         N/A       85%         2
 Call Canine Familiar     Summ           0%         N/A       97%         3
 Frozen Ramparts          Ice            0%         1d1       97%         3
 Ozocubu's Armour         Ice            0%         N/A       97%         3
 Fulminant Prism          Conj/Alch      0%         3d5       100%        4
 Petrify                  Alch/Erth      0%         N/A       100%        4
 Summon Blazeheart Golem  Fire/Summ      0%         N/A       100%        4
 Irradiate                Conj/Alch      0%         3d11      100%        5
 Metabolic Englaciation   Hex/Ice        0%         N/A       100%        5


Dungeon Overview and Level Annotations

Branches:
Dungeon (9/15)             Temple (0/1) D:7
   Lair: D:8-11         Orc: D:9-12

Altars:
Ashenzari
Dithmenos
Elyvilon
Fedhas
Gozag
Kikubaaqudgha
Makhleb
Sif Muna
Vehumet
Wu Jian
Xom

Shops:
D:2 :   D:6 =


Innate Abilities, Weirdness & Mutations

You have a pair of horns on your head.
You reflexively headbutt those who attack you in melee.
You are partially covered in iridescent scales. (AC +2)
Your mind is acute. (Int +4, Str/Dex -1)
Your movements are slightly less encumbered by armour. (ER -2)


Message History

You slash the rust devil! The rust devil hits you. The rust devil corrodes you!
The rust devil hits you. The rust devil corrodes you!
You barely miss the rust devil.
The rust devil is almost dead.
You hit the rust devil. The rust devil hits you. The rust devil corrodes you!
The rust devil hits you. The rust devil corrodes you!
You hit the rust devil but do no damage.
The rust devil is severely wounded.
You hit the rust devil but do no damage.
The rust devil hits you. The rust devil corrodes you!
The rust devil closely misses you. You furiously retaliate!
You headbutt the rust devil.
You hit the rust devil but do no damage.
The rust devil is almost dead.
You hit the rust devil but do no damage.
The rust devil hits you. The rust devil corrodes you!
The rust devil closely misses you.
You hit the rust devil but do no damage.
Your headbutt misses the rust devil.
The rust devil is almost dead.
You hit the rust devil but do no damage.
The rust devil barely misses you. The rust devil misses you.
The smoke demon gestures at you. Something smites you!
The smoke demon gestures at you.
The ball of steam hits the rust devil.
The rust devil resists.
The ball of steam hits you!!
* * * LOW HITPOINT WARNING * * *
There is an open door here.
As you read the scroll of teleportation, it crumbles to dust.
You feel strangely unstable.
You are engulfed in a cloud of scalding steam.
* * * LOW HITPOINT WARNING * * *
The rust devil hits you!
* * * LOW HITPOINT WARNING * * *
The rust devil corrodes you! The rust devil closely misses you.
The smoke demon gestures at you. Something smites you!
You die...
Your body crumbles into a pile of gold.

..# ....... ....
....... .... #......
..# .... #≈≈....###..#
...≈ ##.......#.. ..≈#
..≈≈..3..#.. ..§#
#...§.#.# .≈.#
..#≈#.4.#.# .≈#
..!.#..4@#.####### ..
.≈.###.§§§.......# ≈..
§ .§§..§.§.......# ..$
##≈...#§.....###
###.###§....#......#
..
≈≈≈#§≈......#......#
...
..#≈#.......#......#
...
............#......###
.#
............#........#


You could see 2 rust devils and a smoke demon.

Vanquished Creatures
  Maggie (D:8)
  6 yaks (D:8)
  A steam dragon (D:9)
  3 water moccasins
  An ice beast (D:7)
  2 sky beasts (D:7)
  An orc warrior (D:8)
  2 centaurs (D:8)
  2 kobold brigands (D:7)
  4 bullfrogs
  A scorpion (D:5)
  10 wights
  4 howler monkeys
  A gnoll bouda (D:9)
  2 hounds (D:7)
  2 jellies (D:6)
  3 orc priests
  5 iguanas
  2 sleepcaps
  4 orc wizards
  4 gnolls
  13 adders
  2 shadow imps
  A white imp (D:8)
  2 ufetubi (D:6)
  7 dart slugs
  19 orcs
  8 endoplasms
  3 giant cockroaches
  8 goblins
  5 hobgoblins
  8 jackals
  3 quokkas
  8 ball pythons
  5 bats
  3 frilled lizards
  10 kobolds
  8 rats
174 creatures vanquished.

Notes
Turn   | Place    | Note
-------+----------+-------------------------------------------
     0 | D:1      | Fodor the Minotaur Fighter began the quest for the Orb.
     0 | D:1      | Reached XP level 1. HP: 19/19 MP: 0/0
   195 | D:1      | Reached XP level 2. HP: 27/27 MP: 1/1
   554 | D:1      | Reached XP level 3. HP: 33/33 MP: 2/2
   992 | D:2      | Found Toiti's Book Shoppe.
  1027 | D:2      | Reached skill level 3 in Axes
  1182 | D:2      | Reached XP level 4. HP: 40/40 MP: 3/3
  1263 | D:2      | Found a blossoming altar of Fedhas.
  1543 | D:3      | Found a shimmering altar of Xom.
  1956 | D:3      | Reached skill level 4 in Axes
  1956 | D:3      | Reached XP level 5. HP: 25/47 MP: 0/4
  1956 | D:3      | Gained mutation: Your mind is acute. (Int +4, Str/Dex -1)
                  | [potion of mutation]
  1956 | D:3      | Gained mutation: You are partially covered in iridescent
                  | scales. (AC +2) [potion of mutation]
  1956 | D:3      | Gained mutation: Your movements are slightly less
                  | encumbered by armour. (ER -2) [potion of mutation]
  2025 | D:3      | Reached skill level 1 in Dodging
  2234 | D:3      | Found an opulent altar of Gozag.
  2252 | D:3      | Became a worshipper of Gozag Ym Sagoz the Greedy
  2891 | D:4      | Reached skill level 5 in Axes
  2891 | D:4      | Reached XP level 6. HP: 53/53 MP: 2/5
  2898 | D:4      | Reached skill level 5 in Armour
  3336 | D:5      | Entered Level 5 of the Dungeon
  3465 | D:5      | Found a shadowy altar of Dithmenos.
  3658 | D:5      | Reached skill level 6 in Axes
  3660 | D:5      | Reached skill level 5 in Fighting
  3664 | D:5      | Reached skill level 5 in Shields
  3910 | D:5      | Reached XP level 7. HP: 56/61 MP: 3/6
  4377 | D:5      | Reached skill level 1 in Throwing
  4514 | D:5      | Found an ornate altar of the Wu Jian Council.
  4725 | D:6      | Found Gul Hig's One-of-a-Kind Rings.
  4742 | D:6      | Bought a +3 ring of strength for 140 gold pieces
  4747 | D:6      | Upgraded the game from 0.32-a0-841-g4648e6c457 to
                  | 0.32-a0-859-gb0a091d592
  4929 | D:6      | Reached skill level 7 in Axes
  5028 | D:6      | Found a radiant altar of Vehumet.
  5032 | D:6      | Found an ancient bone altar of Kikubaaqudgha.
  5033 | D:6      | Found a shimmering blue altar of Sif Muna.
  5073 | D:6      | Reached XP level 8. HP: 68/69 MP: 5/7
  5624 | D:7      | Reached skill level 8 in Axes
  5641 | D:7      | Found a staircase to the Ecumenical Temple.
  5707 | D:7      | Reached skill level 1 in Stealth
  5787 | D:7      | Reached skill level 5 in Throwing
  5939 | D:7      | Reached XP level 9. HP: 75/75 MP: 5/8
  6221 | D:7      | Identified the +4 buckler of the Slug {Fly rElec rN+ Str-4}
  6280 | D:8      | Reached skill level 9 in Axes
  6647 | D:8      | Found a broken altar of Ashenzari.
  6745 | D:8      | Found a burning altar of Makhleb.
  6858 | D:8      | Reached skill level 10 in Axes
  7205 | D:8      | Found a white marble altar of Elyvilon.
  7208 | D:8      | Noticed Maggie
  7224 | D:8      | Killed Maggie
  7225 | D:8      | Reached skill level 11 in Axes
  7225 | D:8      | Reached XP level 10. HP: 86/86 MP: 3/9
  7695 | D:9      | Noticed a rust devil
  7696 | D:9      | Noticed a rust devil
  7703 | D:9      | Noticed a smoke demon
  7712 | D:9      | Killed from afar by a smoke demon

Illustrated notes

Levels and vault maps discovered:
D:1:      dpeg_arrival_three_bigger_balls, layout_loops_ring
D:2:      minmay_chambers_of_ones, layout_basic, serial_shops,
          nicolae_square_shop, basic_altar
D:3:      layout_loops_ring, mainiacjoe_overflow_concentric_impassable,
          lemuel_tele_altar
D:4:      minmay_bubble_buster, layout_loops_ring, grunt_ministairs_10
D:5:      layout_loops_corners, kennysheep_mini, nicolae_dithmenos_the_darkroom,
          saegor_snake_ambush
D:6:      layout_rooms, grunt_temple_overflow_magic_moments,
          nicolae_shop_unique_rings, chequers_serial_rivers_room_a
D:7:      layout_cave_pools, minmay_temple_entry_junction,
          kennysheep_generic_room_16
D:8:      layout_basic, mainiacjoe_overflow_paths, mainiacjoe_overflow_alcove_1,
          mainiacjoe_overflow_boulevard, kennysheep_generic_room_4, uniq_maggie
D:9:      layout_irregular_city, nicolae_where_there's_smoke

Skill      XL: |  1  2  3  4  5  6  7  8  9 |
---------------+----------------------------+-----
Armour         | 4 5 6 7 8 |  8.0
Shields        | 4 5 |  5.8
Fighting       | 4 5 6 7 |  7.0
Axes           | 3 4 5 6 7 8 11 | 11.3
Dodging        | 1 2 4 |  4.0
Throwing       | 2 5 |  5.6
Stealth        | 1 |  1.6

Action                     |  1- 3 |  4- 6 |  7- 9 | 10-12 || total
---------------------------+-------+-------+-------+-------++-------
  Melee: War axe           |    73 |   137 |    82 |       ||   292
         Headbutt          |     9 |    13 |    37 |     2 ||    61
         Battleaxe         |       |       |   116 |    16 ||   132
  Throw: Boomerang         |       |    16 |    61 |    13 ||    90
    Use: Potion            |       |     2 |       |       ||     2
         Scroll            |       |       |     8 |     1 ||     9
 Armour: Scale mail        |    23 |       |       |       ||    23
         Chain mail        |    31 |   133 |   168 |    27 ||   359
  Dodge: Dodged            |    37 |    56 |   145 |    11 ||   249
  Block: Buckler           |    19 |    46 |    22 |       ||    87

Table legend: (Time is in decaauts)
 A = Elapsed time spent in this place.
 B = Non-inter-level travel time spent in this place.
 C = Inter-level travel time spent in this place.
 D = Time resting spent in this place.
 E = Time spent auto-exploring this place.
 F = Levels seen in this place.
 G = Mean time per level.
                   A        B        C        D        E       F      G
               +--------+--------+--------+--------+--------+-----+--------+
         Total |   7864 |   7647 |    217 |      0 |   5504 |   9 |  873.8 |
       Dungeon |   7864 |   7647 |    217 |      0 |   5504 |   9 |  873.8 |
               +--------+--------+--------+--------+--------+-----+--------+

Top non-repeatable levels by time:
     D:5: 1303 daAuts
     D:8: 1238 daAuts
     D:6: 876 daAuts
     D:3: 863 daAuts
     D:4: 862 daAuts
     D:2: 843 daAuts
     D:1: 831 daAuts
     D:7: 800 daAuts
     D:9: 244 daAuts
